 Dungeon Crawl Stone Soup version 0.28.0-45-g0d030f2227 (webtiles) character file.

Game seed: 14788676124342548112

2586 MisterFreud the Slicer (level 9, 0/75 HPs)
             Began as a Naga Fighter on May 13, 2022.
             Was a Follower of Okawaru.
             Slain by a killer bee (4 damage)
             ... on level 9 of the Dungeon.
             The game lasted 00:08:48 (8046 turns).

MisterFreud the Slicer (Naga Fighter)               Turns: 8046, Time: 00:08:48

Health: 0/75       AC:  7    Str: 22    XL:     9   Next: 58%
Magic:  9/9        EV:  7    Int: 14    God:    Okawaru [*.....]
Gold:   481        SH:  9    Dex: 10    Spells: 8/8 levels left

rFire   . . .      SeeInvis +   f - +12 dagger of the Three Bones {vamp, Drain Int+4}
rCold   . . .      Faith    .   c - +0 buckler
rNeg    . . .      Spirit   .   b - +0 scale mail
rPois   +          Reflect  +   (no helmet)
rElec   .          Harm     .   (no cloak)
rCorr   .          Rampage  .   (no gloves)
Will    +....                   (no barding)
Stlth   ..........              m - amulet of reflection
HPRegen 0.22/turn               (no ring)
MPRegen 0.11/turn               (no ring)

@: lethally poisoned (0 -> -4), very slow
A: AC +3, large, see invisible, deformed body, poison resistance, slowness 2,
spit poison 1, naga tail 1
a: Spit Poison, Renounce Religion, Heroism


You were on level 9 of the Dungeon.
You worshipped Okawaru.
Okawaru was aware of your devotion.
You visited 2 branches of the dungeon, and saw 10 of its levels.

You collected 481 gold pieces.

Inventory:

Hand Weapons
 a - a +1 trident
 f - the +12 dagger of the Three Bones (weapon) {vamp, Drain Int+4}
   (You found it on level 4 of the Dungeon)

   It occasionally heals its wielder for a portion of the damage dealt when it
   wounds a living foe.
   Int:       It affects your intelligence (+4).
   Drain:     It drains your maximum health when unequipped.
Missiles
 y - 5 javelins
 B - 3 poisoned darts
Armour
 b - a +0 scale mail (worn)
 c - a +0 buckler (worn)
Jewellery
 m - an amulet of reflection (around neck)
Wands
 o - a wand of polymorph (6)
 r - a wand of flame (26)
 t - a wand of acid (12)
Scrolls
 i - a scroll of summoning {unknown}
 s - a scroll of immolation {unknown}
 u - a scroll of blinking {unknown}
 w - a scroll of fog {unknown}
 x - a scroll of identify
 z - a scroll of enchant armour {unknown}
 A - a scroll of amnesia
Potions
 d - a potion of might
 e - 2 potions of berserk rage
 g - 4 potions of invisibility {unknown}
 h - 4 potions of heal wounds
 j - a potion of ambrosia {unknown}
 k - a potion of haste {unknown}
 l - 3 potions of curing
 n - 2 potions of mutation {unknown}
 p - 2 potions of degeneration {unknown}
 q - 3 potions of attraction
 v - a potion of flight {unknown}


   Skills:
 - Level 3.0 Fighting
 - Level 10.0 Short Blades
 - Level 5.3 Polearms
 + Level 4.6 Armour
 - Level 4.0 Shields


You had 8 spell levels left.
You didn't know any spells.
Your spell library contained the following spells:

 Spells                   Type           Power      Damage    Failure   Level
 Sandblast                Erth           0%         2d4       65%         1
 Passwall                 Tmut/Erth      0%         N/A       80%         2
 Gell's Gravitas          Tloc           0%         N/A       95%         3
 Lesser Beckoning         Tloc           0%         N/A       95%         3
 Stone Arrow              Conj/Erth      0%         3d7       95%         3
 Teleport Other           Tloc           0%         N/A       95%         3
 Borgnjor's Revivificati  Necr           0%         N/A       100%        8
 Necromutation            Tmut/Necr      0%         N/A       100%        8
 Death's Door             Necr           0%         N/A       100%        9


Dungeon Overview and Level Annotations

Branches:
Dungeon (9/15)             Temple (1/1) D:6
   Lair: D:8-11         Orc: D:9-12

Altars:
Ashenzari
Cheibriados
Dithmenos
Elyvilon
Fedhas
Gozag
Hepliaklqana
Kikubaaqudgha
Makhleb
Nemelex Xobeh
Okawaru
Qazlal
Ru
Sif Muna
Trog
Uskayaw
Vehumet
Wu Jian
Xom
Yredelemnul
Zin
The Shining One

Shops:
D:4 [

Annotations:
D:5 3 runed translucent doors, IcySys's ghost, novice OpEE
D:9 Prince Ribbit


Innate Abilities, Weirdness & Mutations

Your serpentine skin is tough. (AC +3)
You have supernaturally acute eyesight. (SInv)
Armour fits poorly on your strangely shaped body.
Your system is resistant to poisons. (rPois)
You cover ground very slowly.
You can spit poison.
You have a snake-like lower body.


Message History

* * * LOW HITPOINT WARNING * * *
The killer bee stings you but does no damage.
There is a stone staircase leading down here.
You can't go up here!
The killer bee stings you but does no damage. x2
The killer bee stings you.
* * * LOW HITPOINT WARNING * * *
The killer bee stings you but does no damage.
The killer bee stings you.
* * * LOW HITPOINT WARNING * * *
The killer bee barely misses you.
You climb downwards.
Prince Ribbit gives a loud, deep croak!
The gnoll shouts! x2
There is a stone staircase leading up here.
Unknown command.
Unknown command.
You feel much better.
The killer bee stings you but does no damage.
The killer bee stings you! You block the killer bee's attack.
A gnoll comes into view. It is wielding a +0 spear.
A gnoll sergeant comes into view. It is wielding a +0 spear.
The killer bee barely misses you.
As you read the scroll labelled ARIDAATZYZ, it crumbles to dust.
It is a scroll of amnesia.
You feel forgetful for a moment.
The gnoll sergeant shouts!
The gnoll shouts!
You block the killer bee's attack. The killer bee stings you!
* * * LOW HITPOINT WARNING * * *
The killer bee barely misses you. You block the killer bee's attack.
A gnoll comes into view. It is wielding a +0 spear.
The gnoll shouts!
Prince Ribbit blinks!
The killer bee stings you!
* * * LOW HITPOINT WARNING * * *
You are lethally poisoned!
The killer bee poisons you! You block the killer bee's attack.
The killer bee barely misses you.
The gnoll moves out of view.
* * * LOW HITPOINT WARNING * * *
You feel very sick. The killer bee stings you.
You die...

#.# #.#
##.### ##..
.# ..
#...#.#
..g. #..#..
...gg#..#.#
....g..<#@#
#.####.Fy.#
#.......#
#....##.#
#....# .#
#....# #
#....#
#....#
#....#


You could see Prince Ribbit and a killer bee.

Vanquished Creatures
  Grinder (D:5)
  A steam dragon (D:7)
  A water moccasin (D:6)
  An ice beast (D:7)
  2 orc warriors
  A necrophage (D:5)
  A sky beast (D:6)
  3 ogres
  A phantom (D:6)
  2 centaurs
  Blork the orc (D:5)
  A bullfrog (D:6)
  A water moccasin zombie (D:5)
  A water moccasin skeleton (D:7)
  5 killer bees (D:6)
  4 wights (D:7)
  A bullfrog zombie (D:5)
  A hound (D:5)
  A jelly (D:5)
  5 orc priests
  3 centaur skeletons (D:7)
  2 iguanas
  2 orc wizards
  A killer bee zombie (D:7)
  5 adders
  3 shadow imps (D:3)
  3 white imps
  3 ufetubi
  A worm (D:5)
  A dart slug (D:1)
  16 orcs
  2 endoplasms
  5 hobgoblins
  3 jackals (D:5)
  4 kobolds
  3 quokkas
  4 ball pythons
  4 bats
  3 frilled lizards
  6 goblins
  2 rats
  A butterfly (D:6)
112 creatures vanquished.

Vanquished Creatures (others)
  2 plants (D:3)
2 creatures vanquished.

Grand Total: 114 creatures vanquished

Notes
Turn   | Place    | Note
-------+----------+-------------------------------------------
     0 | D:1      | MisterFreud the Naga Fighter began the quest for the Orb.
     0 | D:1      | Reached XP level 1. HP: 21/21 MP: 1/1
   379 | D:1      | Reached XP level 2. HP: 20/28 MP: 2/2
  1443 | D:2      | Reached XP level 3. HP: 24/34 MP: 3/3
  1969 | D:3      | Found a transporter.
  1978 | D:3      | Found a transporter.
  2451 | D:3      | Reached XP level 4. HP: 39/42 MP: 4/4
  3056 | D:3      | Reached skill level 5 in Polearms
  3056 | D:3      | Reached XP level 5. HP: 20/49 MP: 5/5
  3353 | D:4      | Identified the +12 dagger of the Three Bones {vamp, Drain
                  | Int+4}
  3370 | D:4      | Found Tasif's Armour Emporium.
  3462 | D:4      | Reached skill level 1 in Short Blades
  3788 | D:5      | Entered Level 5 of the Dungeon
  3788 | D:5      | Noticed Blork the orc
  3798 | D:5      | Killed Blork the orc
  3799 | D:5      | Reached skill level 2 in Short Blades
  3799 | D:5      | Reached XP level 6. HP: 51/56 MP: 6/6
  3844 | D:5      | Reached skill level 3 in Short Blades
  3864 | D:5      | Reached skill level 4 in Short Blades
  4028 | D:5      | Found a runed translucent gate.
  4028 | D:5      | Found a runed translucent gate.
  4028 | D:5      | Found a runed translucent gate.
  4034 | D:5      | Noticed IcySys's ghost (novice OpEE)
  4275 | D:5      | Reached XP level 7. HP: 51/62 MP: 7/7
  4309 | D:5      | Reached skill level 5 in Short Blades
  4319 | D:5      | Noticed Grinder
  4330 | D:5      | Killed Grinder
  4331 | D:5      | Reached skill level 6 in Short Blades
  4750 | D:5      | Reached XP level 8. HP: 66/69 MP: 8/8
  4822 | D:5      | Reached skill level 7 in Short Blades
  5230 | D:6      | Reached skill level 8 in Short Blades
  5452 | D:6      | Found a staircase to the Ecumenical Temple.
  5458 | Temple   | Entered the Ecumenical Temple
  5824 | Temple   | Became a worshipper of Warmaster Okawaru
  5911 | D:6      | Reached skill level 9 in Short Blades
  6071 | D:6      | Reached XP level 9. HP: 20/75 MP: 9/9
  6347 | D:6      | Reached skill level 10 in Short Blades
  6507 | D:6      | Found a white marble altar of Elyvilon.
  7363 | D:7      | Reached * piety under Okawaru
  8042 | D:9      | Noticed Prince Ribbit
  8046 | D:9      | Slain by a killer bee

Illustrated notes

Levels and vault maps discovered:
D:1:      mainiacjoe_arrival_reflecting_pool, layout_loops_ring
D:2:      layout_loops_corners
D:3:      gammafunk_wand_slinger, layout_loops_ring, serial_bayou_pond_c,
          minmay_hedge_maze, minmay_misc_feat_four_crosses
D:4:      layout_basic, serial_shops, nicolae_diamond_shop
D:5:      layout_loops_ring, gammafunk_ghost_necromancy, uniq_grinder,
          uniq_blork_the_orc
D:6:      layout_loops_ring, nicolae_elyvilon_peaceful_grove,
          minmay_temple_entry_enclosed_plants
D:7:      layout_basic
D:8:      layout_basic, minmay_holes, uniq_erica
D:9:      layout_basic, uniq_prince_ribbit1, uniq_harold
Temple:   roderic_octagonal_lattice_temple

Skill      XL: |  1  2  3  4  5  6  7  8  9 |
---------------+----------------------------+-----
Polearms       | 3 4 5 |  5.3
Short Blades   | 2 4 6 9 10 | 10.0
Armour         | 4 |  4.6
Shields        | 4 |  4.0
Fighting       | |  3.0

Action                   |  1- 3 |  4- 6 |  7- 9 || total
-------------------------+-------+-------+-------++-------
Melee: Trident           |   102 |    12 |       ||   114
       Dagger            |       |    39 |   213 ||   252
 Abil: Spit Poison       |    25 |    10 |    17 ||    52
Evoke: Wand              |       |    18 |       ||    18
  Use: Scroll            |     1 |     6 |     1 ||     8
       Potion            |       |       |     2 ||     2
Armor: Scale mail        |    36 |     6 |    53 ||    95
Dodge: Dodged            |    45 |    13 |    56 ||   114
Block: Buckler           |    16 |     4 |    60 ||    80
       Reflection        |       |       |     3 ||     3
